 Dungeon Crawl Stone Soup version 0.15-a0-60-g2d7d1c5 (webtiles) character file.

79 Integry the Covered (level 3, 0/22 HPs)
             Began as a Gargoyle Wanderer on Apr 6, 2014.
             Slain by a kobold
             ... wielding a +0,+0 whip
              (1 damage)
             ... on Level 1 of the Dungeon.
             The game lasted 00:03:00 (1504 turns).

Integry the Covered (Gargoyle Wanderer)             Turns: 1504, Time: 00:03:00

HP   0/22        AC  5     Str 14      XL: 3   Next: 14%
MP   7/7         EV 11     Int 13      God:
Gold 51          SH  0     Dex 10      Spells:  1 memorised,  5 levels left

rFire  . . .     SeeInvis .     j - +0 club
rCold  . . .     Clarity  .     c - +0 robe
rNeg   + . .     Conserve .     (no shield)
rPois  +         rCorr    .     (no helmet)
rElec  +         rRot     +     (no cloak)
SustAb . .       Spirit   .     (no gloves)
rMut   .         Warding  .     (no boots)
Saprov . . .     Stasis   .     (no amulet)
MR     .....                    (no ring)
                                (no ring)

@: not resistant to hostile enchantments, unstealthy
A: life protection 1, electricity resistance, unbreathing, petrification
resistance, AC +3
a: no special abilities


You were on level 1 of the Dungeon.
You were near starving.

You visited 1 branch of the dungeon, and saw 2 of its levels.

You collected 51 gold pieces.

Inventory:

Hand weapons
 b - a +0,+0 bow
 j - a +0,+0 club (weapon)
Missiles
 d - 19 arrows
Armour
 c - a +0 robe (worn)
Comestibles
 f - a bread ration
 h - a pear
 m - 2 rotting chunks of goblin flesh
Scrolls
 e - a scroll of enchant armour {unknown}
 i - a scroll of identify {unknown}
 l - a scroll of enchant weapon II {unknown}
 n - a scroll of enchant weapon I {unknown}
 o - a scroll of fog {unknown}
Jewellery
 g - an uncursed ring of ice {unknown}
Books
 a - a book of Minor Magic

   Spells                             Type                      Level
   *Magic Dart                        Conjuration                  1
   Blink                              Translocation                2
   Call Imp                           Summoning                    2
   Repel Missiles                     Charms/Air                   2
   Slow                               Hexes                        2
   Conjure Flame                      Conjuration/Fire             3
   Mephitic Cloud                     Conjuration/Poison/Air       3


   Skills:
 + Level 2.7 Fighting
 * Level 1.4 Maces & Flails
 - Level 1.0 Bows
 - Level 1.0 Throwing
 - Level 3.2 Armour
 - Level 2.0 Spellcasting
   Level 1.0 Poison Magic
   Level 1.0 Invocations


You had 5 spell levels left.
You knew the following spells:

 Your Spells              Type           Power        Failure   Level  Hunger
q - Magic Dart            Conj           #...         24%         1    ##.....


Dungeon Overview and Level Annotations

Branches:
Dungeon (2/15)

Altars:


Innate Abilities, Weirdness & Mutations

You are resistant to torment.
You are immune to poison.
You are immune to rotting.
Your stone body is very resilient (AC +3).
You resist negative energy.
You are resistant to electric shocks.
You can survive without breathing.
You are immune to petrification.


Message History

You are too injured to fight recklessly!
The bat hits you but does no damage. x2
The ooze hits you.
* * * LOW HITPOINT WARNING * * *
The bat misses you.
There is a stone staircase leading up here.
The bat completely misses you. The bat hits you but does no damage.
The kobold hits you but does no damage. The ooze barely misses you.
You climb upwards.
There is a stone staircase leading down here.
Drink which item? (? for menu, Esc to quit)
You feel refreshed.
It was a potion of restore abilities.
You closely miss the kobold. The kobold hits you but does no damage.
The ooze jiggles.
The kobold hits you with a whip.
* * * LOW HITPOINT WARNING * * *
You hit the kobold.
The kobold is severely wounded.
The kobold hits you with a whip.
You die...

.###..##.........#
.###..##.#####.#.#
...#..##.#####.#.#
.#.)...........#.#
##.##########..#.#
##.##### #.)#.#
.#.....# #..#.#
8'.###.# #..#.#
.#.# #.# #..#@#
##.# #.# #..#K#
#.## #.# #...J##
..# #.# ##.....##
.## #.# #.......#
## #.# #.......# #
#.# #.......#
######.# ##.....##
#......# #.....#


You could see an ooze and a kobold.

Vanquished Creatures
  3 bats (D:1)
  3 giant cockroaches (D:1)
  5 hobgoblins
  3 jackals (D:1)
  5 goblins (D:1)
  3 kobolds (D:1)
  2 rats (D:1)
24 creatures vanquished.

Notes
Turn   | Place    | Note
--------------------------------------------------------------
     0 | D:1      | Integry, the Gargoyle Wanderer, began the quest for the Orb.
     0 | D:1      | Reached XP level 1. HP: 12/12 MP: 4/4
     2 | D:1      | Learned a level 1 spell: Magic Dart
   414 | D:1      | Reached XP level 2. HP: 15/17 MP: 3/5
  1127 | D:1      | Reached skill level 1 in Maces & Flails
  1211 | D:1      | Reached XP level 3. HP: 19/22 MP: 7/7
  1503 | D:1      | HP: 1/22 [kobold/whip (3)]
  1504 | D:1      | Slain by a kobold

Action                   || total
-------------------------++-------
Melee: Unarmed           ||    45
       Club              ||    80
 Fire: Bow               ||    27
 Cast: Magic Dart        ||    11
  Use: Potion            ||     1
